Zazza, neutral female gnomish Wizard ------------ +..........+ |....<.....| |......T(... ------------ Zazza the Evoker Experience level: 2 Strength: 18/** Dexterity: 12 Constitution: 14 Intelligence: 17 Wisdom: 10 Charisma: 8 Health: 31(31) Energy: 19(19) Def: 8 Gold: 149 Moves: 471 Dungeon seed: MZl3jbvHrAEAGBvs Game ID: Zazza_1620596811 Your Inventory: Coins $ - 149 gold pieces Amulets p - an uncursed amulet of unchanging (being worn) Weapons a - a blessed +1 quarterstaff Comestibles q - an uncursed food ration Scrolls i - an uncursed scroll of teleportation j - an uncursed scroll of scare monster k - an uncursed scroll of destroy armor Spellbooks l - a blessed spellbook of force bolt m - an uncursed spellbook of detect food s - an uncursed spellbook of protection Potions f - an uncursed potion of booze g - an uncursed potion of invisibility h - an uncursed potion of speed Rings c - an uncursed ring of polymorph (on left claw) d - an uncursed ring of see invisible (on right claw) Wands b - a wand of light (0:12) Tools n - a magic marker (0:31) Gems e - an uncursed worthless piece of orange glass Spells and supernatural/magical abilities: Name Level Category Fail Memory a - force bolt 1 attack 0% 98% p - protection 1 clerical 0% 100% E - detect food 2 divination 70% 98% W - pray for help -- divine ? -- Your skills at the end: Fighting Skills Weapon Skills quarterstaff [Basic] Spellcasting Skills attack spells [Basic] enchantment spells [Basic] Final Attributes: You had transgressed. You were cold resistant. You were hallucinating. You saw invisible. You had infravision. You regenerated. You were polymorphing. You were polymorphed into an ice troll. You could not change from your current form. You were unlucky. You survived. Vanquished creatures: a kitten a hobbit a yellow mold a gecko a fox 3 newts and a partridge in a pear tree 8 creatures vanquished. Voluntary challenges: You went without food. You were an atheist. You never hit with a wielded weapon. You read items or engraved 3 times, starting on turn 340. You never genocided any monsters. You never polymorphed an object. You changed form 1 time, starting on turn 47. You used no wishes. You never split a pudding. You never wrote Elbereth's name. You violated your moral code, losing 24 points of alignment, starting on turn 470. Dungeon overview: The Dungeons of Doom: levels 1 to 4 Level 1 a long staircase Level 2 Level 3 a long staircase Level 4 <- You were here History has recorded: On T:1 you entered the Dungeons of Doom to retrieve the Amulet of Yendor! On T:193 you reached level 2 of The Dungeons of Doom. On T:277 you reached level 3 of The Dungeons of Doom. On T:463 you reached level 4 of The Dungeons of Doom. On T:470 you advanced to experience level 2. Score breakdown: Gold: 149 ( 7402 points) Experience: 2 levels ( 5570 points) Exploration: 4 levels ( 8.16%) ( 7500 points) Discoveries: 3 items ( 1.05%) ( 3067 points) Valuables value: (no points given unless you survive) Artifact value: 0 ( 0 points) Variety of kills: 6 monsters ( 1.57%) ( 3764 points) Turncount: 471 turns ( 0 points) Survival: quit (score multiplied by 90%) Total score: 24572 Latest messages: Armand bites the newt. The newt is killed! You see here a sling. Armand picks up a sling. Armand drops a sling. You are beginning to feel hungry. Armand misses the green mold. Armand misses the gecko. (3x) The gecko bites! Oh wow! Everything looks so cosmic! The lynx misses the giant pigmy. The nalfeshnee misses the snake. You hit the dwarf. You hit the gnome lord. The wraith is covered in frost! You kill the mastodon! The elf zombie eats a gecko corpse. The pyrolisk jingles! You hit the white dragon. You hit the ice devil. The killer bee is covered in frost! You bite the master mind flayer. You kill poor manes! Welcome to experience level 2. You hear the studio audience applaud! Final status: Goodbye Zazza the Wizard, quit... You quit in The Dungeons of Doom on dungeon level 4 with 24572 points, and 149 pieces of gold, after 471 moves. You were level 2 with a maximum of 13 hit points when you quit.